 Dungeon Crawl Stone Soup version 0.26.0-41-g79a4fc7684 (webtiles) character file.

Game seed: 12039013438025190295

170 thiole the Sneak (level 5, -4/31 HPs)
             Began as an Octopode Hedge Wizard on Jan 26, 2021.
             Slain by a gnoll
             ... wielding a +0 halberd
              (10 damage)
             ... on level 3 of the Dungeon.
             The game lasted 00:05:00 (3903 turns).

thiole the Sneak (Octopode Hedge Wizard)            Turns: 3903, Time: 00:05:01

Health: -4/31      AC:  1    Str: 10    XL:     5   Next: 51%
Magic:  0/10       EV: 13    Int: 17    God:
Gold:   184        SH:  0    Dex: 11    Spells: 3/11 levels left

rFire    . . .     SeeInvis .   t - +1 dagger (drain)
rCold    . . .     Faith    .   (no shield)
rNeg     . . .     Spirit   .   b - +0 hat
rPois    .         Reflect  .   (no amulet)
rElec    .         Harm     .   (no ring)
rCorr    .         Rampage  .   (no ring)
Will     .....                  (no ring)
Stlth    ++++......             (no ring)
HPRegen  0.10/turn              (no ring)
MPRegen  0.12/turn              (no ring)
                                (no ring)
                                (no ring)

@: no status effects
A: almost no armour, stealthy swim, amphibious, 8 rings, constrict 8, camouflage
1, gelatinous body 1
a: no special abilities


You were on level 3 of the Dungeon.
You visited 1 branch of the dungeon, and saw 3 of its levels.

You collected 184 gold pieces.

Inventory:

Hand Weapons
 a - a +0 dagger
 t - a +1 dagger of draining (weapon)
Missiles
 k - 99 stones
Armour
 b - a +0 hat (worn)
Jewellery
 p - an uncursed amulet of reflection {unknown}
Wands
 r - a wand of random effects (13)
Scrolls
 d - 3 scrolls of random uselessness {unknown}
 e - a scroll of noise {unknown}
 i - 7 scrolls of identify {unknown}
 l - a scroll of blinking {unknown}
 n - a scroll of remove curse {unknown}
 s - a scroll of magic mapping {unknown}
Potions
 c - a potion of invisibility {unknown}
 f - 3 potions of curing {unknown}
 g - 2 potions of lignification {unknown}
 h - a potion of resistance {unknown}
 j - a potion of might {unknown}
 m - a potion of degeneration {unknown}
 o - a potion of flight {unknown}
 q - a potion of brilliance {unknown}


   Skills:
 - Level 2.0 Dodging
 + Level 4.5 Stealth
 + Level 3.7 Spellcasting
 - Level 2.0 Conjurations
 * Level 1.5 Hexes
 - Level 2.0 Summonings
 - Level 1.0 Translocations
 + Level 0.9 Air Magic
 + Level 1.1 Poison Magic


You had 3 spell levels left.
You knew the following spells:

 Your Spells              Type           Power        Failure   Level
a - Magic Dart            Conj           40%          7%          1
b - Call Imp              Summ           10%          11%         2
c - Slow                  Hex            8%           13%         2
d - Mephitic Cloud        Conj/Pois/Air  7%           28%         3

Your spell library contained the following spells:

 Spells                   Type           Power        Failure   Level
 Blink                    Tloc           N/A          16%         2
 Conjure Flame            Conj/Fire      6%           32%         3


Dungeon Overview and Level Annotations

Branches:
Dungeon (3/15)

Altars:
Cheibriados
Nemelex Xobeh
Wu Jian
The Shining One


Innate Abilities, Weirdness & Mutations

You cannot wear most types of armour.
You are very stealthy in the water. (Stealth+)
You are amphibious.
You can wear up to eight rings at the same time.
You can use your tentacles to constrict eight enemies at once.
Your skin changes colour to match your surroundings (Stealth+).
Your rubbery body absorbs attacks. (AC +1, EV +1)


Message History

Confirm with . or Enter, or press ? or * to list all spells.
Aiming: Magic Dart (safe; 7% risk of failure)
Press: ? - help, Shift-Dir - straight line, f - gnoll
Aim: a gnoll, wielding a +0 whip (0% to evade)
The magic dart hits the gnoll.
The gnoll is lightly wounded.
Casting: Magic Dart (safe; 7% risk of failure)
Confirm with . or Enter, or press ? or * to list all spells.
A beastly little devil appears in a puff of flame.
Casting: Call Imp (safe; 11% risk of failure)
Confirm with . or Enter, or press ? or * to list all spells.
A beastly little devil appears in a puff of frigid air.
The gnoll hits you with a +0 whip!
Casting: Call Imp (safe; 11% risk of failure)
Confirm with . or Enter, or press ? or * to list all spells.
A beastly little devil appears in a puff of flame.
The gnoll hits you with a +0 whip.
* * * LOW HITPOINT WARNING * * *
The gnoll hits you from afar with a +0 halberd!
You die...

#.######.# #.# #.# #.#
####.########### #.#
#..............# #.#
#.##.##..#.#...# #.#
#(##.##..#.....#########
#.###.##.##..#5g...).......##
#........##....5g..######...#####
#####5#####.####@#.# ##.........
#.# #.....5..# #.......### ###g#
######.### #........## #.)g# #+#
#......>... #.### ##.....#.##
#gg.....# ##...##.# #.##.##.#
##.###.# #g# .# #.. #.# ..g ..
.... #.#


You could see 2 gnolls, 2 friendly crimson imps and a friendly white imp
(summoned).

Vanquished Creatures
  Ijyb (D:3)
  2 gnolls
  5 adders
  An ooze (D:1)
  A worm (D:2)
  4 dart slugs
  A leopard gecko (D:2)
  10 orcs (D:3)
  6 bats
  A giant cockroach (D:1)
  8 goblins
  5 hobgoblins
  4 kobolds
  3 quokkas
  5 frilled lizards
  6 rats
63 creatures vanquished.

Vanquished Creatures (collateral kills)
  4 orcs (D:3)
4 creatures vanquished.

Grand Total: 67 creatures vanquished

Notes
Turn   | Place    | Note
-------+----------+-------------------------------------------
     0 | D:1      | thiole the Octopode Hedge Wizard began the quest for the
                  | Orb.
     0 | D:1      | Reached XP level 1. HP: 11/11 MP: 4/4
   324 | D:1      | Reached skill level 3 in Stealth
   324 | D:1      | Reached XP level 2. HP: 17/17 MP: 3/6
   327 | D:1      | Learned a level 2 spell: Call Imp
   330 | D:1      | Learned a level 2 spell: Slow
   795 | D:1      | Reached XP level 3. HP: 21/21 MP: 3/7
  1742 | D:2      | Reached XP level 4. HP: 20/27 MP: 1/9
  1956 | D:2      | Reached skill level 4 in Stealth
  1976 | D:2      | Found a glowing golden altar of the Shining One.
  2112 | D:2      | Found a snail-covered altar of Cheibriados.
  2355 | D:2      | Learned a level 3 spell: Mephitic Cloud
  2932 | D:2      | Found an ornate altar of the Wu Jian Council.
  3127 | D:3      | Noticed Ijyb
  3140 | D:3      | Killed Ijyb
  3141 | D:3      | Reached skill level 1 in Hexes
  3141 | D:3      | Reached XP level 5. HP: 15/31 MP: 1/10
  3609 | D:3      | Found a sparkling altar of Nemelex Xobeh.
  3616 | D:3      | Reached skill level 1 in Poison Magic
  3903 | D:3      | Slain by a gnoll

Illustrated notes

Levels and vault maps discovered:
D:1:      lemuel_arrival_hallway, layout_basic, serial_bayou_crossing
D:2:      layout_basic, kennysheep_slug_shrine, nzn_wu_jian_council_hall,
          tso_metal_star
D:3:      layout_loops_corners, nemelex_xobeh_ov_fountains_minmay, uniq_terence,
          uniq_robin, uniq_ijyb

Skill      XL: |  1  2  3  4  5 |
---------------+----------------+-----
Stealth        | 3 4 |  4.5
Summonings     | 2 |  2.0
Conjurations   | 2 |  2.0
Hexes          | 1 |  1.5
Poison Magic   | 1 |  1.1
Dodging        | |  2.0
Spellcasting   | |  3.7
Translocations | |  1.0
Air Magic      | |  0.9

Action                   |  1- 3 |  4- 6 || total
-------------------------+-------+-------++-------
Melee: Dagger            |    12 |    24 ||    36
       Constrict         |     3 |     8 ||    11
       Tentacles         |     1 |     2 ||     3
 Cast: Magic Dart        |    80 |   100 ||   180
       Call Imp          |     3 |     9 ||    12
 Stab: Sleeping          |       |     1 ||     1
Armor: Skin              |     5 |       ||     5
Dodge: Dodged            |    24 |    22 ||    46
